 Dungeon Crawl Stone Soup version 0.29.1-12-g30fa7ad0bf (webtiles) character file.

Game seed: 2978657372072848199

478 wormed the Destroyer (level 6, -1/32 HPs)
             Began as a Deep Elf Conjurer on Dec 27, 2022.
             Slain by an ice beast (5 damage)
             ... on level 5 of the Dungeon.
             The game lasted 00:11:21 (4365 turns).

wormed the Destroyer (Deep Elf Conjurer)            Turns: 4365, Time: 00:11:22

Health: -1/32      AC:  4    Str:  4    XL:     6   Next: 86%
Magic:  6/14       EV: 13    Int: 25    God:
Gold:   167        SH:  0    Dex: 19    Spells: 2/13 levels left

rFire   . . .      SeeInvis .   c - +2 dagger (speed)
rCold   . . .      Faith    .   (no shield)
rNeg    . . .      Spirit   .   a - +0 robe
rPois   .          Reflect  .   (no helmet)
rElec   .          Harm     .   (no cloak)
rCorr   .          Rampage  .   h - +0 pair of gloves
Will    .....                   o - +0 pair of boots
Stlth   ++........              (no amulet)
HPRegen 0.10/turn               m - +6 ring of dexterity
MPRegen 0.14/turn               (no ring)

@: very slightly contaminated, slowed, very slow
A: no striking features
a: no special abilities


You were on level 5 of the Dungeon.
You visited 1 branch of the dungeon, and saw 5 of its levels.

You collected 191 gold pieces.
You spent 24 gold pieces at shops.

Inventory:

Hand Weapons
 c - a +2 dagger of speed (weapon)
 t - the +10 sling "Idiufuad" {vorpal, rPois}
   (You found it on level 4 of the Dungeon)

   Any ammunition fired from it inflicts extra damage upon your enemies.
   rPois:     It protects you from poison.
Armour
 a - a +0 robe (worn)
 h - a +0 pair of gloves (worn)
 o - a +0 pair of boots (worn)
Magical Staves
 s - a staff of cold
Jewellery
 g - a ring of fire
 m - a +6 ring of dexterity (left hand)
Wands
 r - a wand of quicksilver (7)
Scrolls
 d - a scroll of magic mapping {unknown}
 i - a scroll of immolation {unknown}
 j - a scroll of fear {unknown}
 l - a scroll of blinking {unknown}
 q - 2 scrolls of poison {unknown}
 u - a scroll of enchant weapon {unknown}
 v - a scroll of amnesia {unknown}
 w - a scroll of noise {unknown}
Potions
 b - a potion of brilliance {unknown}
 e - 2 potions of resistance
 f - a potion of experience
 k - a potion of berserk rage
 n - 2 potions of attraction {unknown}
 p - a potion of curing {unknown}


   Skills:
 - Level 2.4 Dodging
 - Level 2.4 Stealth
 - Level 4.0 Spellcasting
 + Level 8.8 Conjurations


You had 2 spell levels left.
You knew the following spells:

 Your Spells              Type           Power      Damage    Failure   Level
a - Magic Dart            Conj           100%       1d8       1%          1
b - Searing Ray           Conj           98%        2d8       1%          2
c - Fulminant Prism       Conj/Hex       13%        3d9       14%         4
d - Iskenderun's Mystic   Conj/Tloc      27%        2d7       14%         4

Your spell library contained the following spells:

 Spells                   Type           Power      Damage    Failure   Level
 Dazzling Flash           Conj/Hex       54%        N/A       4%          3


Dungeon Overview and Level Annotations

Branches:
Dungeon (5/15)
 Temple: D:4-7

Altars:
Kikubaaqudgha
Makhleb
Nemelex Xobeh
Qazlal
Wu Jian

Shops:
D:1 ?   D:3 *   D:4 [


Message History

There is a stone staircase leading up here.
There is a stone staircase leading down here.
You climb downwards.
You hear the hiss of flowing sand.
There is an entrance to an ossuary on this level.
Hurry and find it before the portal is buried!
You hear the sound of rushing water.
There is an entrance to a sewer on this level.
Hurry and find it before the portal rusts away!
There is a stone staircase leading up here.
An ice beast comes into view.
Casting: Searing Ray (safe; 1% risk of failure)
Confirm with . or Enter, or press ? or * to list all spells.
The spell is quite dangerous to miscast (14% risk of failure)!
Continue anyway?
Aiming: Fulminant Prism (quite dangerous; 14% risk of failure)
Press: ? - help, Dir - move target You miscast Fulminant Prism.
You are very lightly contaminated with residual magic.
You feel a strange surge of energy.
You feel yourself slow down.
Casting: Fulminant Prism (quite dangerous; 14% risk of failure)
Confirm with . or Enter, or press ? or * to list all spells.
Aiming: Searing Ray (safe; 1% risk of failure)
Press: ? - help, Shift-Dir - straight line, f - ice beast
Aim: an ice beast (83% to hit)
The searing ray hits the ice beast!
The ice beast is moderately wounded. (Press . to maintain the ray.)
The searing ray hits the ice beast!
The ice beast is heavily wounded.
The ice beast barely misses you.
The searing ray hits the ice beast.
The ice beast is severely wounded.
The ice beast hits you. The ice beast freezes you!
The searing ray hits the ice beast!
The ice beast is almost dead.
You finish channelling your searing ray.
The ice beast hits you. The ice beast freezes you!
* * * LOW HITPOINT WARNING * * *
The ice beast hits you.
* * * LOW HITPOINT WARNING * * *
The ice beast freezes you.
You die...

######### #
##.#.#.#.#.#.#.#
#..<....@Y......
##.#.#.#.#.#.#.#
#............
##.#.#.#.#.#.#
#.#####.......
#. ......... ##
#........
#.......


You could see an ice beast.

Vanquished Creatures
  Sigmund (D:4)
  An ogre (D:2)
  An orc priest (D:4)
  A jelly (D:3)
  An iguana (D:4)
  Ijyb (D:3)
  3 adders
  A gnoll (D:1)
  2 worms
  A dart slug (D:1)
  4 orcs (D:4)
  11 bats
  10 endoplasms
  3 giant cockroaches
  3 hobgoblins
  5 jackals
  6 kobolds
  4 quokkas
  7 ball pythons
  4 frilled lizards
  5 goblins
  9 rats
84 creatures vanquished.

Vanquished Creatures (others)
  9 fulminant prisms
  9 plants (D:3)
18 creatures vanquished.

Grand Total: 102 creatures vanquished

Notes
Turn   | Place    | Note
-------+----------+-------------------------------------------
     0 | D:1      | wormed the Deep Elf Conjurer began the quest for the Orb.
     0 | D:1      | Reached XP level 1. HP: 10/10 MP: 6/6
    61 | D:1      | Reached XP level 2. HP: 10/15 MP: 0/8
    67 | D:1      | Learned a level 2 spell: Searing Ray
   713 | D:1      | Reached skill level 5 in Conjurations
   762 | D:1      | Reached XP level 3. HP: 19/19 MP: 8/10
   815 | D:1      | Found Unwaar's Magic Scroll Boutique.
   988 | D:1      | Bought a scroll of identify for 24 gold pieces
  1017 | D:2      | You fall into a shaft and drop 1 floor!
  1621 | D:2      | Reached XP level 4. HP: 24/24 MP: 8/12
  1809 | D:2      | Found a faded altar of an unknown god.
  1884 | D:3      | Noticed an ogre
  1890 | D:3      | Learned a level 4 spell: Fulminant Prism
  1907 | D:1      | Learned a level 4 spell: Iskenderun's Mystic Blast
  1938 | D:2      | Killed an ogre
  1939 | D:2      | Reached skill level 6 in Conjurations
  1939 | D:2      | Reached XP level 5. HP: 28/28 MP: 5/13
  2030 | D:3      | Noticed Ijyb
  2109 | D:3      | Killed Ijyb
  2110 | D:3      | Reached skill level 7 in Conjurations
  2176 | D:3      | Found a burning altar of Makhleb.
  2346 | D:3      | Found Myled's General Store.
  2365 | D:3      | Found an ornate altar of the Wu Jian Council.
  3094 | D:4      | Reached XP level 6. HP: 32/32 MP: 3/14
  3206 | D:4      | Found an ancient bone altar of Kikubaaqudgha.
  3215 | D:4      | Identified the +10 sling "Idiufuad" {vorpal, rPois}
  3272 | D:4      | Found Nyklem's Armour Shop.
  3483 | D:4      | Found a sparkling altar of Nemelex Xobeh.
  3528 | D:4      | Noticed Sigmund
  3559 | D:4      | Killed Sigmund
  3560 | D:4      | Reached skill level 8 in Conjurations
  4005 | D:4      | Found a stormy altar of Qazlal.
  4352 | D:5      | Entered Level 5 of the Dungeon
  4358 | D:5      | Noticed an ice beast
  4365 | D:5      | Slain by an ice beast

Illustrated notes

Levels and vault maps discovered:
D:1:      wander_arrival_chamber, layout_rooms, serial_shops,
          nicolae_shop_hallway_stairs, minmay_pentomino_t2
D:2:      layout_rooms, ebering_ecumenical_altar_box
D:3:      layout_basic, lightli_temple_of_fire,
          mainiacjoe_overflow_cross_hatched, serial_forest,
          infiniplex_forest_clump_cross, infiniplex_forest_3_way,
          infiniplex_forest_clump_tiny, infiniplex_forest_clump_curved,
          infiniplex_forest_clump_C, infiniplex_forest_straight_3,
          infiniplex_forest_straight_2, serial_shops, shop,
          kennysheep_generic_room_3, uniq_ijyb
D:4:      minmay_inner_zag, layout_loops_ring, kiku_gazebo_pond_becter,
          nemelex_dance_club_becter, nicolae_qazlal_eye_of_the_storm,
          serial_shops, nicolae_take_the_stairs, roderic_serpentine_path,
          bh_walls_and_bars, uniq_sigmund
D:5:      layout_basic, enter_ossuary_1, cheibrodos_sewer_entry_sluice,
          kennysheep_cross_room, st_stairs_13

Skill      XL: |  1  2  3  4  5  6 |
---------------+-------------------+-----
Spellcasting   | 4 |  4.0
Conjurations   | 5 6 7 8 |  8.8
Dodging        | |  2.4
Stealth        | |  2.4

Action                   |  1- 3 |  4- 6 || total
-------------------------+-------+-------++-------
Melee: Unarmed           |     7 |       ||     7
       Dagger            |     7 |    84 ||    91
       Punch             |       |     4 ||     4
 Cast: Magic Dart        |    71 |    31 ||   102
       Searing Ray       |     8 |    22 ||    30
       Fulminant Prism   |       |     9 ||     9
  Use: Scroll            |       |     3 ||     3
       Potion            |       |     1 ||     1
Armor: Robe              |    15 |     1 ||    16
Dodge: Dodged            |    38 |     7 ||    45
